Map: 카이로스 정션 - 래더

Players

GuMiho

  • Race: Terran Terran
  • League: Grandmaster
  • Spawn Location: 11:00

aLive - Winner!

  • Race: Terran Terran
  • League: Grandmaster
  • Spawn Location: 5:00

Event: IEM Season 13 - Katowice Server Qualifiers Asia 2

VOD

Have the link to the VOD?

Description

Time

  • Played on: Jan. 22, 2019, 4:25 a.m.
  • Length: 5:39

All games in this series

Show
View Real Time Build Order
Export as new Build Order

GuMiho Terran 

Build Orders:  

Get SALT Encoding   

  12  0:00  SCV  
  13  0:12  SCV  
  14  0:16  Supply Depot  
  14  0:25  SCV  
  14  0:28  Refinery  
  15  0:38  SCV  
  16  0:44  Barracks  
  16  0:50  SCV  
  16  0:55  Refinery  
  17  1:02  SCV  
  18  1:14  SCV  
  19  1:26  SCV  
  19  1:31  Reaper  
  21  1:33  Factory  
  21  1:40  Orbital Command  
  21  1:48  Supply Depot  
  21  2:04  Reaper  
  21  2:05  SCV  
  23  2:18  Hellion  
  25  2:33  Command Center, SCV  
  25  2:36  Reaper  
  25  2:39  Hellion  
  25  2:42  Supply Depot  
  27  2:45  SCV  
  28  2:52  Starport  
  28  2:57  SCV  
  29  3:03  Hellion  
  31  3:10  SCV  
  32  3:18  Barracks Reactor  
  31  3:22  SCV  
  31  3:25  Factory Tech Lab  
  32  3:29  Starport Tech Lab  
  32  3:34  SCV  
  33  3:44  Cyclone  
  33  3:45  Orbital Command  
  33  3:46  SCV  
  37  3:48  Banshee  
  37  3:55  Marine x2  
  37  3:58  SCV  
  40  4:10  Refinery, SCV  
  40  4:11  SCV  
  40  4:13  Marine x2  
  40  4:16  Siege Tank  
  47  4:23  SCV x2  
  49  4:26  Supply Depot  
  49  4:37  Barracks  
  49  4:38  Starport Reactor  
  49  4:39  SCV x2  
  49  4:40  Barracks  
  49  4:42  Engineering Bay  
  51  4:51  SCV x2  
  53  4:54  Siege Tank  
  53  4:58  Supply Depot  
  56  5:03  SCV x2  
  56  5:15  Missile Turret, SCV x2  
  56  5:19  Marine  
  55  5:29  Starport Reactor  
Show
View Real Time Build Order
Export as new Build Order

aLive Terran - Winner!

Build Orders: Gas First Reaper Expand, Banshee Rush 

Get SALT Encoding   

  12  0:00  SCV  
  13  0:12  SCV  
  14  0:16  Supply Depot  
  14  0:24  SCV  
  14  0:28  Refinery  
  15  0:38  SCV  
  16  0:45  Barracks  
  16  0:50  SCV  
  17  1:02  SCV  
  18  1:14  SCV  
  19  1:32  Reaper, Orbital Command  
  20  1:42  Command Center  
  20  1:52  Factory  
  20  1:57  SCV  
  21  2:02  Refinery  
  21  2:05  Barracks Reactor  
  21  2:09  SCV  
  21  2:14  Supply Depot  
  22  2:21  SCV  
  23  2:33  SCV  
  23  2:44  Hellion  
  23  2:45  SCV, Hellion  
  23  2:50  Starport  
  28  2:52  Barracks Tech Lab  
  28  2:58  SCV  
  28  3:06  Hellion  
  28  3:09  Hellion  
  31  3:19  SCV  
  32  3:20  Orbital Command  
  32  3:31  SCV  
  32  3:33  Cloaking Field, Banshee  
  36  3:40  Marine  
  36  3:41  Marine  
  38  3:43  Factory Tech Lab  
  38  3:45  SCV  
  38  3:46  SCV  
  36  3:56  Supply Depot  
  36  3:57  SCV  
  36  3:58  Refinery, SCV  
  36  4:01  Marine x2  
  40  4:07  Siege Tank  
  43  4:11  SCV x2  
  45  4:19  Banshee  
  45  4:23  SCV  
  45  4:24  SCV  
  50  4:29  Supply Depot  
  50  4:36  SCV x2  
  50  4:37  Marine x2  
  54  4:44  Supply Depot  
  54  4:50  SCV x2  
  59  4:54  Supply Depot  
  59  4:59  Marine x2, Cyclone  
  61  5:03  SCV  
  61  5:04  SCV  
  63  5:15  SCV  
  63  5:16  SCV  
  63  5:20  Marine  
  63  5:21  Marine  
  67  5:27  SCV  
  69  5:28  Supply Depot  

Tags
 
Add a new tag
Caveats
  • Supply blocks, unpowered buildings, or Contaminate may cause inaccurate times.
  • Supply counts are checked every 10 seconds.